 Dungeon Crawl Stone Soup version 0.26-a0-834-g69557b85cc (webtiles) character file.

Game seed: 3536827405941752039

46 robertstho the Firebug (level 3, -9/19 HPs)
             Began as a Tengu Fire Elementalist on Nov 16, 2020.
             Was an Initiate of Sif Muna.
             Mangled by a worm (12 damage)
             ... on level 2 of the Dungeon.
             The game lasted 00:02:45 (1679 turns).

robertstho the Firebug (Tengu Fire Elementalist)    Turns: 1679, Time: 00:02:46

Health: -9/19      AC:  2    Str:  8    XL:     3   Next: 68%
Magic:  0/7        EV:  6    Int: 16    God:    Sif Muna [......]
Gold:   60         SH:  0    Dex: 14    Spells: 6/7 levels left

rFire    . . .     SeeInvis .   (no weapon)
rCold    . . .     Faith    .   (no shield)
rNeg     . . .     Spirit   .   a - +0 robe
rPois    .         Reflect  .   (helmet restricted)
rElec    .         Harm     .   (no cloak)
rCorr    .         Rampage  .   (no gloves)
MR       .....                  (boots unavailable)
Stlth    ++........             (no amulet)
HPRegen  0.06/turn              (no ring)
MPRegen  0.10/turn              (no ring)

@: about to teleport, held, lightly drained
A: beak, talons 3
a: Renounce Religion


You were on level 2 of the Dungeon.
You worshipped Sif Muna.
Sif Muna was noncommittal.
You visited 1 branch of the dungeon, and saw 2 of its levels.

You collected 60 gold pieces.

Inventory:

Armour
 a - a +0 robe (worn)
Jewellery
 c - an uncursed amulet of guardian spirit {unknown}


   Skills:
 + Level 2.4(2.2) Dodging
 + Level 2.3(2.1) Stealth
 + Level 2.6(2.4) Spellcasting
 + Level 2.1(1.9) Conjurations
 + Level 3.9(3.6) Fire Magic


You had 6 spell levels left.
You knew the following spells:

 Your Spells              Type           Power        Failure   Level
a - Foxfire               Conj/Fire      ##..         6%          1

Your spell library contained the following spells:

 Spells                   Type           Power        Failure   Level
 Conjure Flame            Conj/Fire      ##......     19%         3
 Inner Flame              Hex/Fire       #.......     28%         3
 Sticky Flame             Conj/Fire      ##......     52%         4
 Fireball                 Conj/Fire      ##........   86%         5


Dungeon Overview and Level Annotations

Branches:
Dungeon (2/15)

Altars:
Sif Muna
Yredelemnul

Annotations:
D:2 Sigmund


Innate Abilities, Weirdness & Mutations

You have a beak for a mouth.
You have claws for feet.


Message History

It is a scroll of amnesia.
Really abort (and waste the scroll)?
Okay, then.
The foxfire hits the spectral orc but does no damage.
The foxfire hits the spectral orc.
The spectral orc is lightly damaged.
The spectral orc hits you.
As you read the scroll labelled DORGHA OMNIJ, it crumbles to dust.
You feel blessed for a moment.
It was a scroll of remove curse.
The spectral orc hits you.
As you read the scroll labelled QORADE TIRUAGH, it crumbles to dust.
You feel strangely unstable.
It was a scroll of teleportation.
The spectral orc hits you.
* * * LOW HITPOINT WARNING * * *
You feel drained.
Sigmund hits you from afar with a +0 scythe.
* * * LOW HITPOINT WARNING * * *
The worm bites you!
Ouch! That really hurt!
You die...

#.........
#..#§####. #..#w§#
####..##.#
########.##..##.###.
.._^. #.##.....?...
##...###.##.####.##.
#^.Z..##.##.# ..
#.@.# #.@..# #.#
##w## #.#### ..
.#####@####.#
#....S....@..#
##############


You could see a spectral orc, Sigmund and a worm.

Vanquished Creatures
  2 adders (D:2)
  An ooze (D:1)
  A bat (D:1)
  A goblin (D:1)
  4 hobgoblins
  7 jackals (D:1)
  A kobold (D:1)
  2 frilled lizards (D:1)
  3 rats (D:1)
22 creatures vanquished.

Vanquished Creatures (others)
  87 foxfires
87 creatures vanquished.

Grand Total: 109 creatures vanquished

Notes
Turn   | Place    | Note
-------+----------+-------------------------------------------
     0 | D:1      | robertstho the Tengu Fire Elementalist began the quest for
                  | the Orb.
     0 | D:1      | Reached XP level 1. HP: 10/10 MP: 4/4
    75 | D:1      | Reached XP level 2. HP: 15/15 MP: 0/6
   918 | D:1      | Reached XP level 3. HP: 19/19 MP: 2/7
  1385 | D:2      | Found a shimmering blue altar of Sif Muna.
  1620 | D:2      | Became a worshipper of Sif Muna the Loreminder
  1640 | D:2      | Noticed Sigmund
  1672 | D:2      | Found a basalt altar of Yredelemnul.
  1679 | D:2      | Mangled by a worm

Illustrated notes

Levels and vault maps discovered:
D:1:      roderic_crossed_star, layout_basic, chequers_serial_rivers_room_a
D:2:      layout_basic, yredelemnul_forgotten_temple_becter,
          nicolae_overflow_crystal_walls, uniq_sigmund

Skill      XL: |  1  2  3 |
---------------+----------+-----
Conjurations   | 2 |  2.1
Dodging        | |  2.4
Stealth        | |  2.3
Spellcasting   | |  2.6
Fire Magic     | |  3.9

Action                   || total
-------------------------++-------
Melee: Unarmed           ||     3
       Kick              ||     1
 Cast: Foxfire           ||    50
  Use: Scroll            ||     3
Armor: Robe              ||    22
Dodge: Dodged            ||    37

Table legend: (Time is in decaauts)
 A = Elapsed time spent in this place.
 B = Non-inter-level travel time spent in this place.
 C = Inter-level travel time spent in this place.
 D = Time resting spent in this place.
 E = Time spent auto-exploring this place.
 F = Levels seen in this place.
 G = Mean time per level.
                   A        B        C        D        E       F      G
               +--------+--------+--------+--------+--------+-----+--------+
         Total |   1678 |   1654 |     24 |      0 |   1420 |   2 |  839.0 |
       Dungeon |   1678 |   1654 |     24 |      0 |   1420 |   2 |  839.0 |
               +--------+--------+--------+--------+--------+-----+--------+

Top non-repeatable levels by time:
     D:1: 1374 daAuts
     D:2: 304 daAuts
